Sharks vs Canucks
(R1)
Created - 12 mars 2015 at 19:06
Goals
|
| Sharks |
0 |
2 |
2 |
4 |
| Canucks |
4 |
0 |
1 |
5 |
|
Shots
|
| Sharks |
5 |
13 |
10 |
28 |
| Canucks |
7 |
8 |
10 |
25 |
|
1st period
1. Canucks , Tomas Plekanec 15 (Clarke MacArthur, Kim Johnsson) at 1:42
2. Canucks , Matt Stajan 31 (Jaromir Jagr) at 7:16 (PP)
3. Canucks , Maxim Lapierre 17 (Alex Tanguay, Alex Goligoski) at 8:58
4. Canucks , Alex Tanguay 20 (Maxim Lapierre, Alex Goligoski) at 13:33
Penalties :
Steve Montador (Van) for Fighting (Major) at 4:02, Daniel Alfredsson (SJS) for Fighting (Major) at 4:02, Adam Mair (SJS) for High sticking (Minor) at 7:02, Matt Stajan (Van) for Fighting (Major) at 9:01, David Legwand (SJS) for Fighting (Major) at 9:01, Francis Bouillon (SJS) for Slashing (Minor) at 9:26, Peter Worrell (Van) for Fighting (Major) at 13:34, Daniel Alfredsson (SJS) for Fighting (Major) at 13:34, Tom Poti (Van) for Tripping (Minor) at 15:20
2nd period
5. Sharks , Daniel Alfredsson 16 (David Legwand) at 13:07 (PP)
6. Sharks , Dany Heatley 28 (Daniel Alfredsson, David Legwand) at 17:22 (PP)
Penalties :
Matt Stajan (Van) for Hooking (Minor) at 1:43, Steve Montador (Van) for High sticking (Minor) at 13:05, David Jones (Van) for High sticking (Minor) at 14:10, Matt Stajan (Van) for Tripping (Minor) at 17:12
3rd period
7. Sharks , Dany Heatley 29 (David Legwand) at 2:57
8. Canucks , David Jones 12 (Tomas Plekanec) at 8:06
9. Sharks , Daniel Alfredsson 17 (David Legwand) at 12:28 (PP)
Penalties :
David Jones (Van) for High sticking (Minor) at 1:31, Markus Naslund (SJS) for Tripping (Minor) at 2:44, Maxim Lapierre (Van) for Hooking (Minor) at 11:41, Antti Miettinen (Van) for Boarding (Minor) at 13:44, Niklas Sundstrom (SJS) for Hooking (Minor) at 18:52
Goalie Stats
Mike Brodeur (SJS), 19 saves from 20 shots - (0,950), L, 16-8-2, 46:27 minutes
Tyler Weiman (SJS), 1 saves from 5 shots - (0,200), 13:33 minutes
Carey Price (Van), 24 saves from 28 shots - (0,857), W, 34-27-5, 60:00 minutes
Players Stats for Sharks
Player Name G A P +/- PIM S H SB GA TA FO MP PP MP PK MP
------------------------------------------------------------------------------------
Adam Mair 0 0 0 -1 2 2 1 0 0 0 7/10 14:13 0:11 1:24
Alex Pietrangelo 0 0 0 -2 0 0 0 1 0 1 0/0 8:56 0:00 0:00
Antoine Vermette 0 0 0 -1 0 2 2 1 0 0 4/9 19:17 4:41 1:08
Boris Valabik 0 0 0 0 0 0 1 0 0 0 0/0 4:40 0:00 0:00
Brandon Yip 0 0 0 -2 0 1 2 1 0 0 0/0 18:34 4:55 0:00
Daniel Alfredsson 2 1 3 -1 10 4 1 0 0 1 1/1 17:05 4:07 1:08
Dany Heatley 2 0 2 -1 0 2 3 0 1 0 7/9 26:41 5:03 2:45
David Hale 0 0 0 0 0 0 1 0 0 2 0/0 19:48 4:25 1:49
David Legwand 0 4 4 0 5 2 1 1 0 0 15/35 23:33 5:11 1:33
Francis Bouillon 0 0 0 -2 2 0 0 0 0 0 0/0 8:56 0:00 0:00
Johnny Boychuk 0 0 0 -1 0 3 3 1 0 2 0/0 26:36 5:43 2:44
Lasse Kukkonen 0 0 0 0 0 0 0 0 0 0 0/0 19:48 4:25 1:49
Markus Naslund 0 0 0 -1 2 3 1 2 1 0 2/2 19:46 4:45 1:03
Martin Samuelsson 0 0 0 -1 0 0 0 0 0 0 0/0 8:22 0:33 0:05
Michal Rozsival 0 0 0 -1 0 1 2 3 0 0 0/0 26:36 5:43 2:44
Niklas Sundstrom 0 0 0 -1 2 8 0 0 0 0 0/0 11:47 0:01 0:00
Shaone Morrisonn 0 0 0 0 0 0 1 0 0 0 0/0 4:40 0:00 0:00
Tuomo Ruutu 0 0 0 -1 0 0 1 0 0 0 2/3 15:16 0:56 0:00
Players Stats for Canucks
Player Name G A P +/- PIM S H SB GA TA FO MP PP MP PK MP
------------------------------------------------------------------------------------
Alex Goligoski 0 2 2 0 0 0 2 4 0 1 0/0 27:44 2:49 5:30
Alex Tanguay 1 1 2 2 0 2 2 0 0 0 2/5 13:29 0:49 1:47
Antti Miettinen 0 0 0 2 2 0 1 0 0 0 0/1 10:14 0:21 0:00
Clarke MacArthur 0 1 1 2 0 5 2 1 2 0 0/0 17:49 1:57 2:42
David Jones 1 0 1 2 4 3 1 0 0 0 0/1 15:06 2:05 0:00
Jaromir Jagr 0 1 1 -1 0 3 0 0 0 0 9/16 24:26 2:36 5:44
Jason Chimera 0 0 0 0 0 0 0 0 0 0 1/1 6:55 0:00 0:00
Karl Alzner 0 0 0 0 0 0 0 0 0 0 0/0 15:31 0:00 1:13
Kim Johnsson 0 1 1 3 0 0 2 0 0 0 0/0 19:25 1:44 4:36
Matt Stajan 1 0 1 -1 9 4 0 0 1 1 14/30 21:05 1:26 4:44
Maxim Lapierre 1 1 2 2 2 2 2 0 0 0 1/3 10:07 0:00 1:14
Nikolai Zherdev 0 0 0 0 0 0 0 0 1 0 0/0 9:43 0:00 2:07
Peter Worrell 0 0 0 0 5 0 3 0 0 0 0/2 18:34 2:28 2:00
Ryan Craig 0 0 0 0 0 2 0 0 0 0 1/1 6:55 0:00 0:00
Sami Lepisto 0 0 0 0 0 0 1 2 0 0 0/0 13:48 0:00 0:02
Steve Montador 0 0 0 0 7 1 3 2 2 0 0/0 24:41 2:49 5:28
Tom Poti 0 0 0 3 2 1 1 1 0 0 0/0 18:23 1:44 3:25
Tomas Plekanec 1 1 2 2 0 2 0 0 0 0 3/9 15:00 1:57 0:00
3 Stars
1 - Alex Tanguay (Van)
2 - Dany Heatley (SJS)
3 - Tomas Plekanec (Van)
Power Play
Sharks - 3 on 8 Attempt(s) - 37,50%
Canucks - 1 on 4 Attempt(s) - 25,00%
Penalty Kill
Sharks - 3 on 4 Attempt(s) - 75,00%
- Score 0 goal in Penalty Kill
Canucks - 5 on 8 Attempt(s) - 62,50%
- Score 0 goal in Penalty Kill
Team Stat
Sharks - Hits : 20 - Faceoff Wins : 38 - Blocked Shots : 10 - Penalty Minutes : 23
Canucks - Hits : 20 - Faceoff Wins : 31 - Blocked Shots : 10 - Penalty Minutes : 31
Official
Referees : StPierre Justin and Kozari Steve
Linesman : Derek Nansen and Mike Cvik
Game Notes
Steve Montador beats up Daniel Alfredsson at 4:02 of 1st period
Matt Stajan and David Legwand fight to a draw at 9:01 of 1st period
Mike Brodeur enters game at 13:33 of 1st period
Peter Worrell beats up Daniel Alfredsson at 13:34 of 1st period
Finance
Level 1 -- Attendance: 6000 (100,00%) -- Ticket Income 516 000 $
Level 2 -- Attendance: 5000 (100,00%) -- Ticket Income 245 000 $
Level 3 -- Attendance: 2000 (100,00%) -- Ticket Income 60 000 $
Level 4 -- Attendance: 3900 (97,50%) -- Ticket Income 66 300 $
Luxury Box -- Attendance: 1000 (100,00%) -- Ticket Income 100 000 $
Game was played at the Budweiser Coliseum'
Total Attendance: 17900 (99,44%)
Total Ticket Income: 987 300 $
Other Income: 148 095 $
Total Income: 1 135 395 $
Sharks
5 vs 5 Forward
Center Left Wing Right Wing Time % Phy DF OF
1 David Legwand Dany Heatley Daniel Alfredsson 40 1 2 2
2 Antoine Vermette Markus Naslund Brandon Yip 30 1 2 2
3 Adam Mair Tuomo Ruutu Niklas Sundstrom 20 1 2 2
4 Dany Heatley Martin Samuelsson David Legwand 10 1 2 2
5 vs 5 Defense
Defense Defense Time % Phy DF OF
1 Michal Rozsival Johnny Boychuk 40 1 2 2
2 Lasse Kukkonen David Hale 30 1 2 2
3 Francis Bouillon Alex Pietrangelo 20 1 2 2
4 Shaone Morrisonn Boris Valabik 10 1 2 2
PowerPlay Forward
Center Left Wing Right Wing Time % Phy DF OF
1 David Legwand Dany Heatley Daniel Alfredsson 60 1 2 2
2 Antoine Vermette Markus Naslund Brandon Yip 40 1 2 2
PowerPlay Defense
Defense Defense Time % Phy DF OF
1 Michal Rozsival Johnny Boychuk 60 1 2 2
2 Lasse Kukkonen David Hale 40 1 2 2
Penalty Kill 4 Players Forward
Center Wing Time % Phy DF OF
1 Dany Heatley David Legwand 60 1 2 2
2 Daniel Alfredsson Antoine Vermette 40 1 2 2
Penalty Kill 4 Players Defense
Defense Defense Time % Phy DF OF
1 Michal Rozsival Johnny Boychuk 60 1 2 2
2 Lasse Kukkonen David Hale 40 1 2 2
Penalty Kill - 3 Players Forward
Forward Time % Phy DF OF
1 Dany Heatley 60 1 2 2
2 David Legwand 40 1 2 2
Penalty Kill - 3 Players Defense
Defense Defense Time % Phy DF OF
1 Michal Rozsival Johnny Boychuk 60 1 2 2
2 Lasse Kukkonen David Hale 40 1 2 2
4 vs 4 Forward
Center Wing Time % Phy DF OF
1 Dany Heatley David Legwand 60 1 2 2
2 Daniel Alfredsson Antoine Vermette 40 1 2 2
4 vs 4 Defense
Defense Defense Time % Phy DF OF
1 Michal Rozsival Johnny Boychuk 60 1 2 2
2 Lasse Kukkonen David Hale 40 1 2 2
Last Minutes Offensive
Center Left Wing Right Wing Defense Defense
David Legwand Dany Heatley Daniel Alfredsson Michal Rozsival Johnny Boychuk
Last Minutes Defensive
Center Left Wing Right Wing Defense Defense
David Legwand Dany Heatley Daniel Alfredsson Michal Rozsival Johnny Boychuk
Goaltenders
Starting : Tyler Weiman
Backup : Mike Brodeur
Extra Forwards
Normal : Tuomo Ruutu, Martin Samuelsson, Adam Mair - PP : Tuomo Ruutu, Martin Samuelsson - PK : Adam Mair
Extra Defensemen
Normal : Francis Bouillon, Alex Pietrangelo, Shaone Morrisonn - PP : Francis Bouillon - PK : Alex Pietrangelo, Shaone Morrisonn
Penalty Shots
Dany Heatley, David Legwand, Daniel Alfredsson, Antoine Vermette, Markus Naslund
Canucks
5 vs 5 Forward
Center Left Wing Right Wing Time % Phy DF OF
1 Matt Stajan Peter Worrell Jaromir Jagr 40 1 2 2
2 Tomas Plekanec Clarke MacArthur David Jones 30 1 2 2
3 Maxim Lapierre Alex Tanguay Antti Miettinen 20 1 2 2
4 Ryan Craig Jason Chimera Nikolai Zherdev 10 1 2 2
5 vs 5 Defense
Defense Defense Time % Phy DF OF
1 Alex Goligoski Steve Montador 40 1 2 2
2 Tom Poti Kim Johnsson 30 1 2 2
3 Sami Lepisto Karl Alzner 20 1 2 2
4 Alex Goligoski Steve Montador 10 1 2 2
PowerPlay Forward
Center Left Wing Right Wing Time % Phy DF OF
1 Matt Stajan Peter Worrell Jaromir Jagr 60 1 2 2
2 Tomas Plekanec Clarke MacArthur David Jones 40 1 2 2
PowerPlay Defense
Defense Defense Time % Phy DF OF
1 Alex Goligoski Steve Montador 60 1 2 2
2 Tom Poti Kim Johnsson 40 1 2 2
Penalty Kill 4 Players Forward
Center Wing Time % Phy DF OF
1 Jaromir Jagr Matt Stajan 60 1 2 2
2 Peter Worrell Clarke MacArthur 40 1 2 2
Penalty Kill 4 Players Defense
Defense Defense Time % Phy DF OF
1 Alex Goligoski Steve Montador 60 1 2 2
2 Tom Poti Kim Johnsson 40 1 2 2
Penalty Kill - 3 Players Forward
Forward Time % Phy DF OF
1 Jaromir Jagr 60 1 2 2
2 Matt Stajan 40 1 2 2
Penalty Kill - 3 Players Defense
Defense Defense Time % Phy DF OF
1 Alex Goligoski Steve Montador 60 1 2 2
2 Tom Poti Kim Johnsson 40 1 2 2
4 vs 4 Forward
Center Wing Time % Phy DF OF
1 Jaromir Jagr Matt Stajan 60 1 2 2
2 Peter Worrell Clarke MacArthur 40 1 2 2
4 vs 4 Defense
Defense Defense Time % Phy DF OF
1 Alex Goligoski Steve Montador 60 1 2 2
2 Tom Poti Kim Johnsson 40 1 2 2
Last Minutes Offensive
Center Left Wing Right Wing Defense Defense
Matt Stajan Peter Worrell Jaromir Jagr Alex Goligoski Steve Montador
Last Minutes Defensive
Center Left Wing Right Wing Defense Defense
Matt Stajan Peter Worrell Jaromir Jagr Alex Goligoski Steve Montador
Goaltenders
Starting : Carey Price
Backup : Brent Krahn
Extra Forwards
Normal : Alex Tanguay, Antti Miettinen, Nikolai Zherdev - PP : Alex Tanguay, Antti Miettinen - PK : Nikolai Zherdev
Extra Defensemen
Normal : Sami Lepisto, Karl Alzner, Tom Poti - PP : Sami Lepisto - PK : Karl Alzner, Tom Poti
Penalty Shots
Jaromir Jagr, Matt Stajan, Peter Worrell, Clarke MacArthur, Tomas Plekanec
% Time on Ice - Sharks
Lines # - Real PCT - Wanted PCT - Time Play
Normal Forward
1 - 34% - 40% - 15:12
2 - 31% - 30% - 13:54
3 - 25% - 20% - 11:18
4 - 9% - 10% - 4:09
Normal Defense
1 - 39% - 40% - 17:28
2 - 30% - 30% - 13:29
3 - 20% - 20% - 8:56
4 - 10% - 10% - 4:40
PP Forward
1 - 54% - 60% - 5:27
2 - 46% - 40% - 4:41
PP Defense
1 - 56% - 60% - 5:43
2 - 44% - 40% - 4:25
PK Forward
1 - 75% - 60% - 3:25
2 - 25% - 40% - 1:08
PK Defense
1 - 60% - 60% - 2:44
2 - 40% - 40% - 1:49
PK3 Forward
1 - 0% - 60%
2 - 0% - 40%
PK3 Defense
1 - 0% - 60%
2 - 0% - 40%
44 Forward
1 - 100% - 60% - 0:46
2 - 0% - 40% - 0:00
44 Defense
1 - 89% - 60% - 0:41
2 - 11% - 40% - 0:05
Last Minute Offensive - 0:00
Last Minute Defensive - 0:00
Total
Forward - 60:00
Defense - 60:00
|
% Time on Ice - Canucks
Lines # - Real PCT - Wanted PCT - Time Play
Normal Forward
1 - 35% - 40% - 15:31
2 - 30% - 30% - 13:13
3 - 20% - 20% - 8:54
4 - 16% - 10% - 6:55
Normal Defense
1 - 40% - 40% - 17:53
2 - 31% - 30% - 13:38
3 - 28% - 20% - 12:16
4 - 2% - 10% - 0:46
PP Forward
1 - 57% - 60% - 2:36
2 - 43% - 40% - 1:57
PP Defense
1 - 62% - 60% - 2:49
2 - 38% - 40% - 1:44
PK Forward
1 - 75% - 60% - 7:35
2 - 25% - 40% - 2:33
PK Defense
1 - 54% - 60% - 5:30
2 - 46% - 40% - 4:38
PK3 Forward
1 - 0% - 60%
2 - 0% - 40%
PK3 Defense
1 - 0% - 60%
2 - 0% - 40%
44 Forward
1 - 100% - 60% - 0:46
2 - 0% - 40% - 0:00
44 Defense
1 - 100% - 60% - 0:46
2 - 0% - 40% - 0:00
Last Minute Offensive - 0:00
Last Minute Defensive - 0:00
Total
Forward - 60:00
Defense - 60:00
|
Play by Play
1st period
0:01 of 1st period - David Legwand wins face-off versus Matt Stajan in neutral zone.
0:28 of 1st period - Wrist shot by Niklas Sundstrom.
0:28 of 1st period - Stopped by Carey Price without a rebound.
0:29 of 1st period - Adam Mair wins face-off versus Tomas Plekanec in Canucks zone.
0:29 of 1st period - Adam Mair is hit by Tom Poti.
0:41 of 1st period - Slapshot by Niklas Sundstrom.
0:41 of 1st period - Shot Misses the Net.
0:43 of 1st period - Wrist shot by Niklas Sundstrom.
0:43 of 1st period - Stopped by Carey Price without a rebound.
0:44 of 1st period - Antoine Vermette wins face-off versus Maxim Lapierre in Canucks zone.
0:51 of 1st period - Snap shot by Antoine Vermette.
0:51 of 1st period - Shot Misses the Net.
1:09 of 1st period - Martin Samuelsson is hit by Sami Lepisto and loses puck.
1:42 of 1st period - Snap shot by Tomas Plekanec.
1:42 of 1st period - Goal by Tomas Plekanec - Sharks : 0 - Canucks : 1.
1:43 of 1st period - David Legwand wins face-off versus Matt Stajan in neutral zone.
2:31 of 1st period - Niklas Sundstrom is hit by Kim Johnsson and loses puck.
2:35 of 1st period - Icing by Niklas Sundstrom.
2:36 of 1st period - Matt Stajan wins face-off versus Adam Mair in Sharks zone.
3:03 of 1st period - Snap shot by Tomas Plekanec.
3:03 of 1st period - Deflect By Clarke MacArthur.
3:03 of 1st period - Shot Misses the Net.
3:03 of 1st period - Puck is out of play.
3:04 of 1st period - Tomas Plekanec wins face-off versus David Legwand in Sharks zone.
3:17 of 1st period - Wrist shot by Clarke MacArthur.
3:17 of 1st period - Shot Misses the Net.
3:55 of 1st period - Wrist shot by Niklas Sundstrom.
3:55 of 1st period - Stopped by Carey Price without a rebound.
3:56 of 1st period - Jason Chimera wins face-off versus David Legwand in Canucks zone.
3:56 of 1st period - Jason Chimera is hit by Boris Valabik.
4:02 of 1st period - Steve Montador beats up Daniel Alfredsson.
4:02 of 1st period - Penalty to Steve Montador for Fighting.
4:02 of 1st period - Penalty to Daniel Alfredsson for Fighting.
4:03 of 1st period - Matt Stajan wins face-off versus David Legwand in neutral zone.
4:03 of 1st period - Matt Stajan is hit by Shaone Morrisonn.
4:28 of 1st period - David Jones is hit by Markus Naslund.
4:44 of 1st period - Antoine Vermette is hit by David Jones and loses puck.
5:26 of 1st period - Johnny Boychuk is hit by Alex Goligoski and loses puck.
5:55 of 1st period - Alex Goligoski is hit by Brandon Yip and loses puck.
6:19 of 1st period - Alex Pietrangelo is hit by Maxim Lapierre and loses puck.
7:02 of 1st period - Minor Penalty to Adam Mair for High sticking.
7:03 of 1st period - Dany Heatley wins face-off versus Jaromir Jagr in Sharks zone.
7:03 of 1st period - Dany Heatley is hit by Kim Johnsson.
7:16 of 1st period - Snap shot by Matt Stajan.
7:16 of 1st period - Goal by Matt Stajan - Sharks : 0 - Canucks : 2.
7:17 of 1st period - David Legwand wins face-off versus Matt Stajan in neutral zone.
7:19 of 1st period - Off-side.
7:20 of 1st period - Matt Stajan wins face-off versus David Legwand in neutral zone.
7:31 of 1st period - Wrist shot by Jaromir Jagr.
7:31 of 1st period - Shot Blocked by David Legwand.
7:51 of 1st period - Snap shot by Antoine Vermette.
7:51 of 1st period - Shot Blocked by Tom Poti.
8:07 of 1st period - Slapshot by Clarke MacArthur.
8:07 of 1st period - Stopped by Tyler Weiman without a rebound.
8:08 of 1st period - Matt Stajan wins face-off versus Adam Mair in Sharks zone.
8:11 of 1st period - Snap shot by Matt Stajan.
8:11 of 1st period - Shot Misses the Net.
8:16 of 1st period - Off-side.
8:17 of 1st period - Dany Heatley wins face-off versus Matt Stajan in neutral zone.
8:28 of 1st period - Snap shot by David Legwand.
8:28 of 1st period - Stopped by Carey Price with a rebound.
8:30 of 1st period - Slapshot by Johnny Boychuk.
8:30 of 1st period - Deflect By Dany Heatley.
8:30 of 1st period - Shot Blocked by Sami Lepisto.
8:30 of 1st period - Puck is out of play.
8:31 of 1st period - Matt Stajan wins face-off versus Dany Heatley in Canucks zone.
8:58 of 1st period - Snap shot by Maxim Lapierre.
8:58 of 1st period - Goal by Maxim Lapierre - Sharks : 0 - Canucks : 3.
8:59 of 1st period - Matt Stajan wins face-off versus David Legwand in neutral zone.
9:01 of 1st period - Matt Stajan and David Legwand fight to a draw.
9:01 of 1st period - Penalty to Matt Stajan for Fighting.
9:01 of 1st period - Penalty to David Legwand for Fighting.
9:02 of 1st period - Penalty to Steve Montador is over, Steve Montador is back on ice.
9:02 of 1st period - Penalty to Daniel Alfredsson is over, Daniel Alfredsson is back on ice.
9:02 of 1st period - Tuomo Ruutu wins face-off versus Alex Tanguay in Sharks zone.
9:02 of 1st period - Tuomo Ruutu is hit by Peter Worrell.
9:26 of 1st period - Minor Penalty to Francis Bouillon for Slashing.
9:27 of 1st period - Dany Heatley wins face-off versus Alex Tanguay in Sharks zone.
9:38 of 1st period - Johnny Boychuk is hit by Alex Goligoski and loses puck.
10:14 of 1st period - Icing by Jaromir Jagr.
10:15 of 1st period - Adam Mair wins face-off versus Antti Miettinen in Canucks zone.
10:16 of 1st period - Wrist shot by Markus Naslund.
10:16 of 1st period - Shot Misses the Net.
10:54 of 1st period - Snap shot by Jaromir Jagr.
10:54 of 1st period - Shot Blocked by Johnny Boychuk.
11:26 of 1st period - Penalty to Francis Bouillon is over, Francis Bouillon is back on ice.
12:00 of 1st period - Kim Johnsson is hit by Antoine Vermette and loses puck.
13:07 of 1st period - Nikolai Zherdev is hit by Brandon Yip and loses puck.
13:18 of 1st period - Steve Montador is hit by Daniel Alfredsson and loses puck.
13:33 of 1st period - Wrist shot by Alex Tanguay.
13:33 of 1st period - Goal by Alex Tanguay - Sharks : 0 - Canucks : 4.
13:33 of 1st period - Mike Brodeur enters game.
13:34 of 1st period - Alex Tanguay wins face-off versus Tuomo Ruutu in neutral zone.
13:34 of 1st period - Peter Worrell beats up Daniel Alfredsson.
13:34 of 1st period - Penalty to Peter Worrell for Fighting.
13:34 of 1st period - Penalty to Daniel Alfredsson for Fighting.
13:35 of 1st period - Markus Naslund wins face-off versus Alex Tanguay in neutral zone.
13:40 of 1st period - Slapshot by Antoine Vermette.
13:40 of 1st period - Stopped by Carey Price without a rebound.
13:41 of 1st period - Alex Tanguay wins face-off versus Antoine Vermette in Canucks zone.
14:08 of 1st period - Martin Samuelsson is hit by Clarke MacArthur and loses puck.
14:25 of 1st period - Wrist shot by David Legwand.
14:25 of 1st period - Shot Misses the Net.
14:27 of 1st period - Slapshot by Lasse Kukkonen.
14:27 of 1st period - Shot Blocked by Alex Goligoski.
14:41 of 1st period - Snap shot by Alex Tanguay.
14:41 of 1st period - Shot Misses the Net.
15:20 of 1st period - Minor Penalty to Tom Poti for Tripping.
15:21 of 1st period - Jaromir Jagr wins face-off versus David Legwand in Canucks zone.
15:21 of 1st period - Jaromir Jagr is hit by Tuomo Ruutu.
15:34 of 1st period - Slapshot by Jaromir Jagr.
15:34 of 1st period - Shot Blocked by Michal Rozsival.
15:40 of 1st period - Matt Stajan is hit by Michal Rozsival and loses puck.
17:01 of 1st period - Maxim Lapierre is hit by David Legwand.
17:20 of 1st period - Penalty to Tom Poti is over, Tom Poti is back on ice.
17:56 of 1st period - Icing by Antoine Vermette.
17:57 of 1st period - Ryan Craig wins face-off versus Antoine Vermette in Sharks zone.
18:23 of 1st period - Alex Pietrangelo is hit by Antti Miettinen and loses puck.
18:28 of 1st period - Wrist shot by Matt Stajan.
18:28 of 1st period - Stopped by Mike Brodeur with a rebound.
18:30 of 1st period - Wrist shot by Jaromir Jagr.
18:30 of 1st period - Stopped by Mike Brodeur with a rebound.
18:48 of 1st period - Slapshot by Daniel Alfredsson.
18:48 of 1st period - Shot Misses the Net.
19:00 of 1st period - Wrist shot by Maxim Lapierre.
19:00 of 1st period - Shot Misses the Net.
Goals for this period are 0 for Sharks vs 4 for Canucks.
Shots for this period are 5 for Sharks vs 7 for Canucks.
2nd period
0:01 of 2nd period - David Legwand wins face-off versus Matt Stajan in neutral zone.
1:35 of 2nd period - Wrist shot by Tomas Plekanec.
1:35 of 2nd period - Shot Misses the Net.
1:43 of 2nd period - Minor Penalty to Matt Stajan for Hooking.
1:44 of 2nd period - Jaromir Jagr wins face-off versus David Legwand in Canucks zone.
2:38 of 2nd period - Jaromir Jagr is hit by Dany Heatley and loses puck.
3:43 of 2nd period - Penalty to Matt Stajan is over, Matt Stajan is back on ice.
3:48 of 2nd period - Snap shot by Niklas Sundstrom.
3:48 of 2nd period - Shot Misses the Net.
3:56 of 2nd period - Snap shot by Niklas Sundstrom.
3:56 of 2nd period - Stopped by Carey Price without a rebound.
3:57 of 2nd period - Adam Mair wins face-off versus Tomas Plekanec in Canucks zone.
4:00 of 2nd period - Snap shot by Niklas Sundstrom.
4:00 of 2nd period - Stopped by Carey Price with a rebound.
4:02 of 2nd period - Snap shot by Adam Mair.
4:02 of 2nd period - Stopped by Carey Price with a rebound.
4:04 of 2nd period - Wrist shot by Adam Mair.
4:04 of 2nd period - Stopped by Carey Price without a rebound.
4:05 of 2nd period - Adam Mair wins face-off versus Tomas Plekanec in Canucks zone.
4:06 of 2nd period - Wrist shot by Niklas Sundstrom.
4:06 of 2nd period - Stopped by Carey Price without a rebound.
4:07 of 2nd period - Adam Mair wins face-off versus David Jones in Canucks zone.
4:16 of 2nd period - Snap shot by Niklas Sundstrom.
4:16 of 2nd period - Shot Misses the Net.
4:18 of 2nd period - Slapshot by Michal Rozsival.
4:18 of 2nd period - Stopped by Carey Price with a rebound.
4:20 of 2nd period - Slapshot by Niklas Sundstrom.
4:20 of 2nd period - Stopped by Carey Price with a rebound.
4:22 of 2nd period - Slapshot by Michal Rozsival.
4:22 of 2nd period - Shot Misses the Net.
4:24 of 2nd period - Wrist shot by Johnny Boychuk.
4:24 of 2nd period - Stopped by Carey Price without a rebound.
4:25 of 2nd period - Matt Stajan wins face-off versus David Legwand in Canucks zone.
4:33 of 2nd period - Michal Rozsival is hit by Peter Worrell.
4:51 of 2nd period - Markus Naslund is hit by Steve Montador and loses puck.
5:18 of 2nd period - Slapshot by Tomas Plekanec.
5:18 of 2nd period - Stopped by Mike Brodeur with a rebound.
5:20 of 2nd period - Wrist shot by Clarke MacArthur.
5:20 of 2nd period - Stopped by Mike Brodeur without a rebound.
5:21 of 2nd period - David Legwand wins face-off versus Matt Stajan in Sharks zone.
5:56 of 2nd period - Slapshot by Lasse Kukkonen.
5:56 of 2nd period - Deflect By Antoine Vermette.
5:56 of 2nd period - Stopped by Carey Price without a rebound.
5:57 of 2nd period - Antoine Vermette wins face-off versus Tomas Plekanec in Canucks zone.
6:08 of 2nd period - Slapshot by Alex Pietrangelo.
6:08 of 2nd period - Shot Hit the Post.
6:10 of 2nd period - Snap shot by Alex Pietrangelo.
6:10 of 2nd period - Shot Blocked by Clarke MacArthur.
6:12 of 2nd period - Snap shot by Markus Naslund.
6:12 of 2nd period - Stopped by Carey Price with a rebound.
6:53 of 2nd period - Slapshot by Tom Poti.
6:53 of 2nd period - Deflect By Niklas Sundstrom.
6:53 of 2nd period - Stopped by Mike Brodeur with a rebound.
7:37 of 2nd period - Wrist shot by David Jones.
7:37 of 2nd period - Shot Misses the Net.
7:39 of 2nd period - Snap shot by Tomas Plekanec.
7:39 of 2nd period - Shot Misses the Net.
7:49 of 2nd period - Karl Alzner is hit by Adam Mair and loses puck.
8:08 of 2nd period - Markus Naslund is hit by Alex Tanguay and loses puck.
8:37 of 2nd period - Sami Lepisto is hit by Dany Heatley and loses puck.
8:48 of 2nd period - Wrist shot by Nikolai Zherdev.
8:48 of 2nd period - Shot Misses the Net.
9:22 of 2nd period - Wrist shot by Clarke MacArthur.
9:22 of 2nd period - Stopped by Mike Brodeur with a rebound.
9:24 of 2nd period - Slapshot by Clarke MacArthur.
9:24 of 2nd period - Stopped by Mike Brodeur with a rebound.
10:02 of 2nd period - Wrist shot by Maxim Lapierre.
10:02 of 2nd period - Shot Blocked by Markus Naslund.
10:04 of 2nd period - Slapshot by Steve Montador.
10:04 of 2nd period - Stopped by Mike Brodeur with a rebound.
10:06 of 2nd period - Wrist shot by Alex Tanguay.
10:06 of 2nd period - Shot Misses the Net.
10:08 of 2nd period - Wrist shot by Maxim Lapierre.
10:08 of 2nd period - Stopped by Mike Brodeur with a rebound.
10:10 of 2nd period - Backhand shot by Antti Miettinen.
10:10 of 2nd period - Shot Blocked by Brandon Yip.
10:12 of 2nd period - Wrist shot by Antti Miettinen.
10:12 of 2nd period - Shot Misses the Net.
11:06 of 2nd period - David Hale is hit by Maxim Lapierre and loses puck.
11:13 of 2nd period - Wrist shot by Maxim Lapierre.
11:13 of 2nd period - Deflect By Antti Miettinen.
11:13 of 2nd period - Shot Misses the Net.
11:13 of 2nd period - Puck is out of play.
11:14 of 2nd period - Adam Mair wins face-off versus Peter Worrell in Sharks zone.
11:46 of 2nd period - Michal Rozsival is hit by Clarke MacArthur and loses puck.
12:19 of 2nd period - Slapshot by Tom Poti.
12:19 of 2nd period - Deflect By Matt Stajan.
12:19 of 2nd period - Shot Misses the Net.
12:19 of 2nd period - Puck is out of play.
12:20 of 2nd period - Matt Stajan wins face-off versus Antoine Vermette in Sharks zone.
12:23 of 2nd period - Wrist shot by Jaromir Jagr.
12:23 of 2nd period - Stopped by Mike Brodeur without a rebound.
12:24 of 2nd period - Markus Naslund wins face-off versus Jaromir Jagr in Sharks zone.
12:24 of 2nd period - Markus Naslund is hit by Peter Worrell.
12:51 of 2nd period - Backhand shot by Tomas Plekanec.
12:51 of 2nd period - Shot Misses the Net.
13:05 of 2nd period - Minor Penalty to Steve Montador for High sticking.
13:06 of 2nd period - David Legwand wins face-off versus Matt Stajan in Canucks zone.
13:07 of 2nd period - Snap shot by Daniel Alfredsson.
13:07 of 2nd period - Goal by Daniel Alfredsson - Sharks : 1 - Canucks : 4.
13:08 of 2nd period - Matt Stajan wins face-off versus David Legwand in neutral zone.
13:15 of 2nd period - David Legwand is hit by Steve Montador.
13:42 of 2nd period - Slapshot by Brandon Yip.
13:42 of 2nd period - Shot Blocked by Alex Goligoski.
13:44 of 2nd period - Slapshot by David Hale.
13:44 of 2nd period - Shot Misses the Net.
14:10 of 2nd period - Minor Penalty to David Jones for High sticking.
14:11 of 2nd period - Jaromir Jagr wins face-off versus David Legwand in Canucks zone.
14:26 of 2nd period - Wrist shot by Dany Heatley.
14:26 of 2nd period - Shot Misses the Net.
15:50 of 2nd period - Antoine Vermette is hit by Alex Tanguay and loses puck.
16:10 of 2nd period - Penalty to David Jones is over, David Jones is back on ice.
16:21 of 2nd period - Wrist shot by Antti Miettinen.
16:21 of 2nd period - Shot Misses the Net.
17:01 of 2nd period - Snap shot by Ryan Craig.
17:01 of 2nd period - Shot Blocked by Alex Pietrangelo.
17:04 of 2nd period - Icing by Francis Bouillon.
17:05 of 2nd period - Dany Heatley wins face-off versus Matt Stajan in Sharks zone.
17:12 of 2nd period - Minor Penalty to Matt Stajan for Tripping.
17:13 of 2nd period - Jaromir Jagr wins face-off versus David Legwand in Canucks zone.
17:22 of 2nd period - Wrist shot by Dany Heatley.
17:22 of 2nd period - Goal by Dany Heatley - Sharks : 2 - Canucks : 4.
17:23 of 2nd period - David Legwand wins face-off versus Matt Stajan in neutral zone.
17:26 of 2nd period - Backhand shot by Johnny Boychuk.
17:26 of 2nd period - Deflect By Dany Heatley.
17:26 of 2nd period - Shot Misses the Net.
17:26 of 2nd period - Puck is out of play.
17:27 of 2nd period - Matt Stajan wins face-off versus David Legwand in Canucks zone.
17:39 of 2nd period - Off-side.
17:40 of 2nd period - Matt Stajan wins face-off versus David Legwand in neutral zone.
17:50 of 2nd period - Icing by Dany Heatley.
17:51 of 2nd period - David Legwand wins face-off versus Matt Stajan in Sharks zone.
18:03 of 2nd period - Off-side.
18:04 of 2nd period - David Legwand wins face-off versus Matt Stajan in neutral zone.
18:07 of 2nd period - Peter Worrell is hit by Michal Rozsival and loses puck.
19:03 of 2nd period - Wrist shot by Niklas Sundstrom.
19:03 of 2nd period - Stopped by Carey Price with a rebound.
19:25 of 2nd period - Icing by Tom Poti.
19:26 of 2nd period - Antoine Vermette wins face-off versus Matt Stajan in Canucks zone.
19:39 of 2nd period - Snap shot by Markus Naslund.
19:39 of 2nd period - Shot Misses the Net.
Goals for this period are 2 for Sharks vs 0 for Canucks.
Shots for this period are 13 for Sharks vs 8 for Canucks.
3rd period
0:01 of 3rd period - David Legwand wins face-off versus Jaromir Jagr in neutral zone.
0:04 of 3rd period - Steve Montador is hit by Johnny Boychuk and loses puck.
0:26 of 3rd period - Steve Montador is hit by Johnny Boychuk and loses puck.
0:55 of 3rd period - Wrist shot by Nikolai Zherdev.
0:55 of 3rd period - Deflect By David Hale.
0:55 of 3rd period - Shot Misses the Net.
0:55 of 3rd period - Puck is out of play.
0:56 of 3rd period - Matt Stajan wins face-off versus David Legwand in Sharks zone.
1:07 of 3rd period - Wrist shot by Matt Stajan.
1:07 of 3rd period - Stopped by Mike Brodeur without a rebound.
1:08 of 3rd period - Matt Stajan wins face-off versus David Legwand in Sharks zone.
1:31 of 3rd period - Minor Penalty to David Jones for High sticking.
1:32 of 3rd period - David Legwand wins face-off versus Jaromir Jagr in Canucks zone.
2:09 of 3rd period - Backhand shot by Markus Naslund.
2:09 of 3rd period - Stopped by Carey Price without a rebound.
2:10 of 3rd period - David Legwand wins face-off versus Peter Worrell in Canucks zone.
2:44 of 3rd period - Minor Penalty to Markus Naslund for Tripping.
2:45 of 3rd period - Dany Heatley wins face-off versus Jaromir Jagr in Sharks zone.
2:55 of 3rd period - Slapshot by David Legwand.
2:55 of 3rd period - Shot Misses the Net.
2:57 of 3rd period - Snap shot by Dany Heatley.
2:57 of 3rd period - Goal by Dany Heatley - Sharks : 3 - Canucks : 4.
2:58 of 3rd period - Jaromir Jagr wins face-off versus Dany Heatley in neutral zone.
3:31 of 3rd period - Penalty to David Jones is over, David Jones is back on ice.
3:31 of 3rd period - Jaromir Jagr is hit by Dany Heatley and loses puck.
3:46 of 3rd period - Snap shot by Clarke MacArthur.
3:46 of 3rd period - Stopped by Mike Brodeur without a rebound.
3:47 of 3rd period - Tomas Plekanec wins face-off versus David Legwand in Sharks zone.
4:00 of 3rd period - Wrist shot by Clarke MacArthur.
4:00 of 3rd period - Shot Misses the Net.
4:02 of 3rd period - Snap shot by David Jones.
4:02 of 3rd period - Stopped by Mike Brodeur with a rebound.
4:44 of 3rd period - Penalty to Markus Naslund is over, Markus Naslund is back on ice.
5:05 of 3rd period - Snap shot by Ryan Craig.
5:05 of 3rd period - Stopped by Mike Brodeur with a rebound.
5:24 of 3rd period - Slapshot by Maxim Lapierre.
5:24 of 3rd period - Shot Misses the Net.
5:50 of 3rd period - Snap shot by Tuomo Ruutu.
5:50 of 3rd period - Shot Misses the Net.
6:20 of 3rd period - Backhand shot by Maxim Lapierre.
6:20 of 3rd period - Shot Blocked by Michal Rozsival.
6:22 of 3rd period - Snap shot by Alex Tanguay.
6:22 of 3rd period - Stopped by Mike Brodeur without a rebound.
6:23 of 3rd period - Adam Mair wins face-off versus Maxim Lapierre in Sharks zone.
6:30 of 3rd period - Slapshot by Alex Tanguay.
6:30 of 3rd period - Shot Misses the Net.
8:04 of 3rd period - Wrist shot by David Jones.
8:04 of 3rd period - Stopped by Mike Brodeur without a rebound.
8:05 of 3rd period - Tomas Plekanec wins face-off versus David Legwand in Sharks zone.
8:06 of 3rd period - Slapshot by David Jones.
8:06 of 3rd period - Goal by David Jones - Sharks : 3 - Canucks : 5.
8:07 of 3rd period - David Legwand wins face-off versus Matt Stajan in neutral zone.
8:14 of 3rd period - Wrist shot by David Legwand.
8:14 of 3rd period - Stopped by Carey Price with a rebound.
8:32 of 3rd period - Steve Montador is hit by Antoine Vermette and loses puck.
10:02 of 3rd period - Slapshot by Michal Rozsival.
10:02 of 3rd period - Shot Blocked by Sami Lepisto.
10:04 of 3rd period - Snap shot by Niklas Sundstrom.
10:04 of 3rd period - Shot Misses the Net.
10:48 of 3rd period - Slapshot by Nikolai Zherdev.
10:48 of 3rd period - Shot Blocked by Antoine Vermette.
10:50 of 3rd period - Backhand shot by Nikolai Zherdev.
10:50 of 3rd period - Shot Blocked by Markus Naslund.
10:52 of 3rd period - Backhand shot by Ryan Craig.
10:52 of 3rd period - Stopped by Mike Brodeur with a rebound.
11:21 of 3rd period - Martin Samuelsson is hit by Steve Montador and loses puck.
11:41 of 3rd period - Minor Penalty to Maxim Lapierre for Hooking.
11:42 of 3rd period - Jaromir Jagr wins face-off versus Antoine Vermette in Canucks zone.
11:47 of 3rd period - Icing by Brandon Yip.
11:48 of 3rd period - Jaromir Jagr wins face-off versus Antoine Vermette in Sharks zone.
12:20 of 3rd period - Snap shot by Markus Naslund.
12:20 of 3rd period - Shot Blocked by Steve Montador.
12:22 of 3rd period - Slapshot by Johnny Boychuk.
12:22 of 3rd period - Stopped by Carey Price with a rebound.
12:24 of 3rd period - Slapshot by Johnny Boychuk.
12:24 of 3rd period - Shot Blocked by Alex Goligoski.
12:26 of 3rd period - Wrist shot by Brandon Yip.
12:26 of 3rd period - Stopped by Carey Price without a rebound.
12:27 of 3rd period - David Legwand wins face-off versus Jaromir Jagr in Canucks zone.
12:28 of 3rd period - Slapshot by Daniel Alfredsson.
12:28 of 3rd period - Goal by Daniel Alfredsson - Sharks : 4 - Canucks : 5.
12:29 of 3rd period - Matt Stajan wins face-off versus David Legwand in neutral zone.
12:40 of 3rd period - Snap shot by David Legwand.
12:40 of 3rd period - Deflect By Daniel Alfredsson.
12:40 of 3rd period - Shot Blocked by Alex Goligoski.
12:40 of 3rd period - Puck is out of play.
12:41 of 3rd period - Daniel Alfredsson wins face-off versus Matt Stajan in Canucks zone.
12:52 of 3rd period - Snap shot by Daniel Alfredsson.
12:52 of 3rd period - Stopped by Carey Price with a rebound.
12:54 of 3rd period - Snap shot by David Legwand.
12:54 of 3rd period - Shot Misses the Net.
12:56 of 3rd period - Slapshot by Johnny Boychuk.
12:56 of 3rd period - Stopped by Carey Price without a rebound.
12:57 of 3rd period - Antoine Vermette wins face-off versus Tomas Plekanec in Canucks zone.
13:31 of 3rd period - Slapshot by Jaromir Jagr.
13:31 of 3rd period - Deflect By Matt Stajan.
13:31 of 3rd period - Stopped by Mike Brodeur with a rebound.
13:44 of 3rd period - Minor Penalty to Antti Miettinen for Boarding.
13:45 of 3rd period - Jaromir Jagr wins face-off versus David Legwand in Canucks zone.
13:51 of 3rd period - Snap shot by David Legwand.
13:51 of 3rd period - Shot Blocked by Steve Montador.
13:53 of 3rd period - Snap shot by Dany Heatley.
13:53 of 3rd period - Shot Misses the Net.
14:21 of 3rd period - Slapshot by Markus Naslund.
14:21 of 3rd period - Stopped by Carey Price without a rebound.
14:22 of 3rd period - David Legwand wins face-off versus Jaromir Jagr in Canucks zone.
14:25 of 3rd period - Backhand shot by Daniel Alfredsson.
14:25 of 3rd period - Stopped by Carey Price without a rebound.
14:26 of 3rd period - Jaromir Jagr wins face-off versus David Legwand in Canucks zone.
15:03 of 3rd period - Clarke MacArthur is hit by David Hale and loses puck.
15:44 of 3rd period - Penalty to Antti Miettinen is over, Antti Miettinen is back on ice.
16:02 of 3rd period - Backhand shot by Adam Mair.
16:02 of 3rd period - Shot Misses the Net.
18:12 of 3rd period - Icing by Michal Rozsival.
18:13 of 3rd period - Tuomo Ruutu wins face-off versus Tomas Plekanec in Sharks zone.
18:18 of 3rd period - Slapshot by Johnny Boychuk.
18:18 of 3rd period - Deflect By Martin Samuelsson.
18:18 of 3rd period - Shot Misses the Net.
18:18 of 3rd period - Puck is out of play.
18:19 of 3rd period - Dany Heatley wins face-off versus Matt Stajan in Canucks zone.
18:32 of 3rd period - Slapshot by Jaromir Jagr.
18:32 of 3rd period - Stopped by Mike Brodeur without a rebound.
18:33 of 3rd period - Maxim Lapierre wins face-off versus Adam Mair in Sharks zone.
18:33 of 3rd period - Maxim Lapierre is hit by Johnny Boychuk.
18:39 of 3rd period - Slapshot by Maxim Lapierre.
18:39 of 3rd period - Shot Blocked by Michal Rozsival.
18:52 of 3rd period - Minor Penalty to Niklas Sundstrom for Hooking.
18:53 of 3rd period - Dany Heatley wins face-off versus Matt Stajan in Sharks zone.
Goals for this period are 2 for Sharks vs 1 for Canucks.
Shots for this period are 10 for Sharks vs 10 for Canucks.
Output by the SimonT Hockey Simulator (STHS) for François Prévost -- Original Page W3C XHTML 1.0 Valid